 Dungeon Crawl Stone Soup version 0.29.1-12-g30fa7ad0bf (webtiles) character file.

Game seed: 9776333037217946989

312 styxcanada the Covert (level 6, 0/32 HPs)
             Began as a Spriggan Brigand on Dec 14, 2022.
             Slain by a scorpion (2 damage)
             ... in an ossuary.
             The game lasted 00:08:29 (2827 turns).

styxcanada the Covert (Spriggan Brigand)            Turns: 2827, Time: 00:08:29

Health: 0/32       AC:  3    Str:  7    XL:     6   Next: 18%
Magic:  7/7        EV: 18    Int: 13    God:
Gold:   143        SH:  0    Dex: 18    Spells: 5/5 levels left

rFire   . . .      SeeInvis +   a - +2 dagger
rCold   . . .      Faith    .   (no shield)
rNeg    . . .      Spirit   .   b - +0 robe
rPois   .          Reflect  .   (helmet restricted)
rElec   .          Harm     .   c - +0 cloak
rCorr   .          Rampage  .   (gloves unavailable)
Will    +....                   (boots unavailable)
Stlth   ++++......              (no amulet)
HPRegen 0.10/turn               (no ring)
MPRegen 0.10/turn               (no ring)

@: lethally poisoned (0 -> -17), very quick
A: very small, no large weapons, unfitting armour, see invisible, speed 3
a: no special abilities


You were in an ossuary.
You visited 1 branch of the dungeon, and saw 4 of its levels.
You also visited: Ossuary.

You collected 143 gold pieces.

Inventory:

Hand Weapons
 a - a +2 dagger (weapon)
Missiles
 d - 13 poisoned darts
 e - 3 curare-tipped darts (quivered)
 j - 36 stones
Armour
 b - a +0 robe (worn)
 c - a +0 cloak (worn)
Jewellery
 n - an amulet of magic regeneration
Scrolls
 f - 2 scrolls of teleportation
Potions
 g - 3 potions of heal wounds
 h - a potion of cancellation
 i - a potion of haste {unknown}
 k - a potion of lignification {unknown}
 l - a potion of magic {unknown}
 m - a potion of degeneration {unknown}


   Skills:
 * Level 2.4 Fighting
 + Level 3.5 Short Blades
 + Level 2.4 Throwing
 * Level 3.4 Dodging
 * Level 9.0 Stealth


You had 5 spell levels left.
You didn't know any spells.
Your spell library contained the following spells:

 Spells                   Type           Power      Damage    Failure   Level
 Beastly Appendage        Tmut           0%         N/A       30%         1
 Ensorcelled Hibernation  Hex/Ice        0%         N/A       43%         2
 Passwall                 Tmut/Erth      0%         N/A       43%         2
 Wereblood                Tmut           0%         N/A       43%         2
 Spider Form              Tmut/Pois      0%         N/A       67%         3
 Swiftness                Air            0%         N/A       67%         3


Dungeon Overview and Level Annotations

Branches:
Dungeon (5/15)            Ossuary (1/1)
 Temple: D:4-7

Altars:


Innate Abilities, Weirdness & Mutations

You are very small and have problems with some larger weapons.
You are too small for most types of armour.
You have supernaturally acute eyesight. (SInv)
You cover ground extremely quickly. (Speed+++)


Message History

The helpless scorpion zombie fails to defend itself.
You skewer the scorpion zombie like a kebab!!!
You destroy the scorpion zombie!
The scorpion completely misses you.
Your Stealth skill increases to level 9!
You hit the scorpion but do no damage. The scorpion barely misses you.
You hit the scorpion but do no damage. The scorpion stings you.
You hit the scorpion but do no damage.
You punch the scorpion, but do no damage.
The scorpion misses you.
You hit the scorpion.
The scorpion is lightly wounded.
The scorpion completely misses you.
You barely miss the scorpion.
The scorpion is lightly wounded.
The scorpion stings you!
You hit the scorpion but do no damage.
The scorpion is lightly wounded.
The scorpion barely misses you.
You hit the scorpion.
The scorpion is moderately wounded.
The scorpion stings you!
You are poisoned.
The scorpion poisons you!
You hit the scorpion.
The scorpion is heavily wounded.
You feel sick.
The scorpion stings you but does no damage.
You closely miss the scorpion.
The scorpion is heavily wounded.
You feel sick. The scorpion stings you.
* * * LOW HITPOINT WARNING * * *
You are more poisoned.
The scorpion poisons you!
You hit the scorpion but do no damage.
The scorpion is heavily wounded.
* * * LOW HITPOINT WARNING * * *
You feel very sick. The scorpion stings you.
You die...

######### #...#...#
#...8...+ #.......#
##8...8############
#.@.....#...#...#..
#.s.8...#...8...'.∩
#...#...#.......#..
######'###8...8###'
#!!M#...#.......#..
+?.!#...'...8...#.∩
#?!.#...#...#...#..
###################


You could see a scorpion.

Vanquished Creatures
  A black bear (D:5)
  A human zombie (Ossuary)
  An orc priest (D:5)
  An orc wizard (D:5)
  3 scorpion zombies (Ossuary)
  3 adders (D:5)
  3 orcs (D:5)
  3 ball pythons
  4 endoplasms
  4 goblins
  5 hobgoblins
  2 kobolds
  4 quokkas
  A bat (D:1)
  A frilled lizard (D:2)
  A hobgoblin zombie (Ossuary)
  An orc zombie (Ossuary)
  3 rats
  2 butterflies (D:1)
44 creatures vanquished.

Notes
Turn   | Place    | Note
-------+----------+-------------------------------------------
     0 | D:1      | styxcanada the Spriggan Brigand began the quest for the
                  | Orb.
     0 | D:1      | Reached XP level 1. HP: 10/10 MP: 2/2
    13 | D:1      | Reached skill level 6 in Stealth
   163 | D:1      | Found a faded altar of an unknown god.
   389 | D:1      | Reached XP level 2. HP: 15/15 MP: 3/3
  1655 | D:2      | Reached XP level 3. HP: 17/18 MP: 4/4
  2195 | D:3      | You fall into a shaft and drop 2 floors!
  2195 | D:5      | Entered Level 5 of the Dungeon
  2198 | D:5      | Noticed a black bear
  2203 | D:5      | Killed a black bear
  2204 | D:5      | Reached skill level 8 in Stealth
  2204 | D:5      | Reached XP level 4. HP: 23/23 MP: 5/5
  2225 | D:5      | Reached XP level 5. HP: 20/26 MP: 6/6
  2478 | D:5      | Found a sand-covered staircase.
  2485 | Ossuary  | Entered an ossuary
  2662 | Ossuary  | Reached XP level 6. HP: 17/32 MP: 7/7
  2818 | Ossuary  | Reached skill level 9 in Stealth
  2827 | Ossuary  | Slain by a scorpion

Illustrated notes

Levels and vault maps discovered:
D:1:      spicycebolla_arrival_clurvy, layout_basic,
          hellmonk_ecumenical_altar_crossroads
D:2:      layout_basic, nicolae_figureground_pulse
D:3:      layout_loops_ring, serial_shops, nicolae_shop_stone,
          hangedman_decor_slide_cut
D:5:      old_forge, layout_cave_pools, elyvilon_altar_3,
          makhleb_blood_cavern_becter, gammafunk_temple_overflow_wave,
          minmay_temple_entry_fiery, chequers_ossuary_entry_cave
Ossuary:  ossuary_minmay_scorpions

Skill      XL: |  1  2  3  4  5  6 |
---------------+-------------------+-----
Stealth        | 6 8 9 |  9.0
Dodging        | 2 3 |  3.4
Fighting       | 2 |  2.4
Short Blades   | 3 |  3.5
Throwing       | |  2.4

Action                   |  1- 3 |  4- 6 || total
-------------------------+-------+-------++-------
Melee: Dagger            |    76 |    75 ||   151
       Punch             |     1 |     1 ||     2
Throw: Dart              |     3 |    18 ||    21
  Use: Scroll            |     7 |       ||     7
 Stab: Sleeping          |    12 |     4 ||    16
Armor: Robe              |     7 |     7 ||    14
Dodge: Dodged            |    38 |    38 ||    76
